 Dungeon Crawl Stone Soup version 0.31-a0-986-g5e6e4ef867 (webtiles) character file.

Game seed: 3336688591185343454

3024 avis the Mimic (level 9, -2/41 HPs)
             Began as a Felid Shapeshifter on Nov 23, 2023.
             Was an Initiate of Gozag.
             Killed from afar by a steam dragon (10 damage)
             ... with a ball of steam
             ... on level 7 of the Dungeon.
             The game lasted 00:43:26 (8449 turns).

avis the Mimic (Felid Shapeshifter)                 Turns: 8449, Time: 00:43:27

Health: -2/41      AC:  2    Str: 10    XL:     9   Next: 55%
Magic:  11/11      EV: 23    Int: 14    God:    Gozag
Gold:   316        SH:  0    Dex: 17    Spells: 8/10 levels left
                                        Lives:  0   Deaths: 3

rFire   . .          .
                       - Unarmed
rCold   . . .        (shield unavailable)
rNeg    . . .        (body armour unavailable)
rPois   .            (helmet unavailable)
rElec   .            (cloak unavailable)
rCorr   .            (gloves unavailable)
SInv    +            (boots unavailable)
Will    +....        (no amulet)
Stlth   ++           (no ring)
HPRegen 0.26/turn    (no ring)
MPRegen 0.12/turn

%: no passive effects
@: blade hands, quick
A: very small, (claws 1), fangs 3, see invisible, speed 1, shaggy fur 2,
(stealthy paws), no weapons or thrown items, no armour, multi-lived
a: Begin Untransformation, Renounce Religion, Potion Petition, Call Merchant,
Bribe Branch


You were on level 7 of the Dungeon.
You worshipped Gozag.
Gozag was aware of your devotion.
You had blades for front paws.
You visited 2 branches of the dungeon, and saw 8 of its levels.
You also visited: Sewer.

You collected 473 gold pieces.
You paid 157 gold pieces to Gozag.

Inventory:

Jewellery
 h - a ring of ice
 u - a ring of fire
Talismans
 f - a flux talisman
 l - a blade talisman (active)
Wands
 k - a wand of charming (11)
Scrolls
 c - 2 scrolls of poison
 e - a scroll of amnesia
 i - 4 scrolls of teleportation
 m - 2 scrolls of fog
 r - a scroll of fear
Potions
 a - a potion of curing
 j - a potion of might
 n - a potion of berserk rage
 o - a potion of heal wounds
 q - a potion of invisibility
 s - a potion of ambrosia {unknown}
 t - a potion of cancellation {unknown}


   Skills:
 - Level 6.0 Fighting
 * Level 9.6 Dodging
 - Level 3.0 Unarmed Combat
 - Level 1.0 Spellcasting
 - Level 2.0 Transmutations
 - Level 10.0 Shapeshifting


You had 8 spell levels left.
You knew the following spells:

 Your Spells              Type           Power      Damage    Failure   Level
e - Wereblood             Tmut           6%         N/A       17%         2

Your spell library contained the following spells:

 Spells                   Type           Power      Damage    Failure   Level
 Apportation              Tloc           0%         N/A       26%         1
 Magic Dart               Conj           0%         1d3       26%         1
 Call Imp                 Summ           0%         N/A       36%         2
 Jinxbite                 Hex            0%         N/A       36%         2
 Mephitic Cloud           Conj/Pois/Air  0%         N/A       61%         3
 Alistair's Intoxication  Tmut/Pois      2%         N/A       99%         5
 Irradiate                Conj/Tmut      1%         3d12      99%         5


Dungeon Overview and Level Annotations

Branches:
Dungeon (7/15)             Temple (1/1) D:7           Sewer (visited)

Altars:
Ashenzari
Dithmenos
Elyvilon
Fedhas
Gozag
Hepliaklqana
Kikubaaqudgha
Makhleb
Nemelex Xobeh
Okawaru
Qazlal
Ru
Trog
Uskayaw
Vehumet
Wu Jian
Xom
Yredelemnul
Zin
The Shining One

Shops:
D:5 =


Innate Abilities, Weirdness & Mutations

You have blades for front paws.
((You have sharp claws.))
You have razor-sharp teeth.
You have supernaturally acute eyesight. (SInv)
You cover ground quickly. (Speed+)
You are covered in thick fur. (AC +2)
((Your paws help you pounce on unaware monsters.))
You are incapable of wielding weapons or throwing items.
You cannot wear armour.
You gain extra lives every three experience levels.


Message History

You climb downwards.
There is a stone staircase leading up here.
The steam dragon breathes steam at you. The ball of steam misses you.
You hear a shout!
You barely miss the steam dragon. The steam dragon barely misses you.
The steam dragon claws you but does no damage.
You closely miss the steam dragon. The steam dragon barely misses you.
The steam dragon claws you.
You hit the steam dragon but do no damage.
The steam dragon closely misses you. The steam dragon completely misses you.
You slash the steam dragon! You bite the steam dragon.
The steam dragon is moderately wounded.
You closely miss the steam dragon.
You bite the steam dragon, but do no damage.
The steam dragon is moderately wounded.
The steam dragon breathes steam at you. The ball of steam misses you.
You slash the steam dragon!
You bite the steam dragon, but do no damage.
The steam dragon is severely wounded.
You are engulfed in a cloud of scalding steam.
The steam dragon completely misses you. The steam dragon barely misses you.
You closely miss the steam dragon.
The steam dragon is severely wounded.
You are engulfed in a cloud of scalding steam.
The steam dragon bites you. The steam dragon misses you.
The steam dragon bites you but does no damage.
The steam dragon completely misses you.
You closely miss the steam dragon.
The steam dragon is severely wounded.
You are engulfed in a cloud of scalding steam.
* * * LOW HITPOINT WARNING * * *
The steam dragon barely misses you. The steam dragon misses you.
The orc wizard gestures wildly while chanting.
The orc wizard flickers and vanishes for a moment.
The steam dragon breathes steam at you. The ball of steam hits you!
You die...
Your body crumbles into a pile of gold.

#..>D.# #.$$..#
.....#.
#..o..##.#.#...
###.###...?....
#...##..#.#...
#.⌠.##........
#...#.......#
##D##.......#
#@D..<.....#
####.......#
#....#.....
#...## #...
##.## .. ### #


You could see 2 steam dragons and an orc wizard (invisible).

Vanquished Creatures
  Maggie (D:6)
  A hornet (D:3)
  A steam dragon (D:6)
  Edmund (D:6)
  An ice beast (D:5)
  An ogre (D:4)
  4 black bears (D:5)
  3 centaurs
  2 phantoms
  3 kobold brigands
  A bullfrog (D:6)
  3 wights (D:7)
  2 gnoll boudas
  An orc priest (D:7)
  6 hounds
  6 iguanas
  Terence (D:3)
  A sleepcap (D:5)
  3 orc wizards
  Ijyb (D:5)
  10 gnolls
  7 adders
  2 river rats (Sewer)
  A white imp (D:6)
  2 ufetubi (D:6)
  A worm (D:2)
  5 dart slugs
  20 orcs
  2 bats
  17 endoplasms
  3 giant cockroaches
  5 goblins
  9 hobgoblins
  A jackal (D:2)
  12 quokkas
  9 ball pythons
  3 frilled lizards
  17 kobolds
  11 rats
180 creatures vanquished.

Notes
Turn   | Place    | Note
-------+----------+-------------------------------------------
     0 | D:1      | avis the Felid Shapeshifter began the quest for the Orb.
     0 | D:1      | Reached XP level 1. HP: 9/9 MP: 2/2
    93 | D:1      | Reached XP level 2. HP: 13/13 MP: 3/3
   419 | D:1      | Reached skill level 4 in Shapeshifting
   419 | D:1      | Reached XP level 3. HP: 16/16 MP: 4/4
   573 | D:1      | Found a faded altar of an unknown god.
  1128 | D:2      | Reached XP level 4. HP: 19/19 MP: 5/5
  1475 | D:2      | Reached skill level 5 in Shapeshifting
  2091 | D:2      | Learned a level 2 spell: Wereblood
  2483 | D:3      | Reached skill level 1 in Spellcasting
  2483 | D:3      | Reached XP level 5. HP: 16/23 MP: 7/7
  2813 | D:3      | Noticed Terence
  2865 | D:3      | You fall into a shaft and drop 2 floors!
  2865 | D:5      | Entered Level 5 of the Dungeon
  2902 | D:5      | Found an ornate altar of the Wu Jian Council.
  2918 | D:5      | Found Igecemp's Jewellery Boutique.
  2933 | D:5      | Found a sand-covered staircase.
  2933 | D:5      | Noticed a black bear
  2934 | D:5      | Noticed a centaur
  2936 | D:5      | Noticed a phantom
  2936 | D:5      | Shot with an arrow by a centaur
  3002 | D:4      | Noticed an ogre
  3004 | D:4      | Noticed a hornet
  3675 | D:3      | Killed a hornet
  3676 | D:3      | Reached skill level 5 in Fighting
  3676 | D:3      | Gained mutation: You are covered in thick fur. (AC +2)
                  | [Felid growth]
  3676 | D:3      | Reached XP level 6. HP: 7/30 MP: 8/8
  3846 | D:4      | Found a glowing drain.
  3853 | Sewer    | Entered a sewer
  4025 | Sewer    | Reached XP level 7. HP: 12/34 MP: 9/9
  4622 | D:4      | Found a white marble altar of Elyvilon.
  4772 | D:4      | Reached skill level 5 in Dodging
  4884 | D:5      | Found a bloodstained altar of Trog.
  5362 | D:4      | Reached skill level 6 in Shapeshifting
  5466 | D:4      | Reached XP level 8. HP: 31/38 MP: 10/10
  5593 | D:5      | Reached skill level 7 in Shapeshifting
  5622 | D:5      | Noticed Ijyb
  5633 | D:5      | Killed Ijyb
  6381 | D:5      | Reached skill level 1 in Transmutations
  6598 | D:6      | Reached skill level 8 in Shapeshifting
  6598 | D:6      | Reached XP level 9. HP: 41/41 MP: 11/11
  6633 | D:6      | Found a sacrificial altar of Ru.
  6640 | D:6      | Found an ancient bone altar of Kikubaaqudgha.
  6649 | D:6      | Found a glowing silver altar of Zin.
  6656 | D:6      | Found a radiant altar of Vehumet.
  6755 | D:6      | Noticed Maggie
  6766 | D:6      | Killed Maggie
  6851 | D:6      | Reached skill level 9 in Shapeshifting
  7512 | D:6      | Noticed Edmund
  7521 | D:6      | Killed Edmund
  8031 | D:3      | Killed Terence
  8221 | D:7      | Reached skill level 10 in Shapeshifting
  8230 | D:7      | HP: 2/41 [steam dragon] (7)]
  8231 | D:7      | Engulfed by a steam dragon's steam
  8272 | D:7      | Killed from afar by a steam dragon
  8307 | D:7      | Found a staircase to the Ecumenical Temple.
  8316 | Temple   | Found a transporter.
  8316 | Temple   | Found a transporter.
  8316 | Temple   | Found a transporter.
  8316 | Temple   | Found a transporter.
  8316 | Temple   | Entered the Ecumenical Temple
  8335 | Temple   | Became a worshipper of Gozag Ym Sagoz the Greedy
  8449 | D:7      | Killed from afar by a steam dragon

Illustrated notes

Levels and vault maps discovered:
D:1:      scummos_arrival_simple_fountains, layout_loops_cross,
          ebering_ecumenical_altar_webs
D:2:      minmay_door_path, layout_basic
D:3:      layout_loops_ring, uniq_terence
D:4:      layout_rooms, lemuel_round_altar, gup_sewer_entry_pipe
D:5:      layout_gridville, mainiacjoe_overflow_small_starburst,
          amcnicky_altar_gilded, serial_shops, nicolae_shop_window_shopping,
          nicolae_ossuary_entry_monument, uniq_ijyb
D:6:      layout_layer_cave, grunt_temple_overflow_cloverleaf, uniq_maggie,
          uniq_edmund
D:7:      layout_cave_pools, minmay_temple_entry_antechambers, serial_glass,
          glass_columns_a, glass_columns_a, serial_shops, nicolae_square_shop
Temple:   hellmonk_temple_divided_pantheon

Skill      XL: |  1  2  3  4  5  6  7  8  9 |
---------------+----------------------------+-----
Fighting       | 2 5 6 |  6.0
Dodging        | 3 6 9 |  9.6
Shapeshifting  | 4 5 6 8 10 | 10.0
Spellcasting   | 1 |  1.0
Transmutations | 2 |  2.0
Unarmed Combat | |  3.0

Action                     |  1- 3 |  4- 6 |  7- 9 || total
---------------------------+-------+-------+-------++-------
  Melee: Unarmed           |    68 |   185 |   358 ||   611
         Bite              |     5 |    10 |    56 ||    71
         Punch             |       |     3 |     3 ||     6
    Use: Scroll            |       |     2 |    13 ||    15
         Potion            |       |     2 |       ||     2
   Stab: Sleeping          |     2 |     2 |     1 ||     5
 Armour: Skin              |    15 |    63 |   144 ||   222
  Dodge: Dodged            |    35 |   125 |   412 ||   572
   Form: Flux              |       |       |     1 ||     1
         Blade             |       |       |     1 ||     1

Table legend: (Time is in decaauts)
 A = Elapsed time spent in this place.
 B = Non-inter-level travel time spent in this place.
 C = Inter-level travel time spent in this place.
 D = Time resting spent in this place.
 E = Time spent auto-exploring this place.
 F = Levels seen in this place.
 G = Mean time per level.
                   A        B        C        D        E       F      G
               +--------+--------+--------+--------+--------+-----+--------+
         Total |   7443 |   6838 |    605 |   1886 |   2615 |   9 |  827.0 |
       Dungeon |   6958 |   6358 |    600 |   1772 |   2561 |   7 |  994.0 |
        Temple |     33 |     28 |      5 |      0 |      0 |   1 |   33.0 |
         Sewer |    452 |    452 |      0 |    113 |     53 |   1 |  452.0 |
               +--------+--------+--------+--------+--------+-----+--------+

Top non-repeatable levels by time:
     D:4: 1322 daAuts
     D:6: 1271 daAuts
     D:3: 1206 daAuts
     D:5: 1022 daAuts
     D:2: 995 daAuts
     D:1: 972 daAuts
   Sewer: 452 daAuts
     D:7: 166 daAuts
  Temple: 33 daAuts
